 Dungeon Crawl Stone Soup version 0.21-a0-442-g848f44b (webtiles) character file.

39 mortelune the Digger (level 3, -5/19 HPs)
             Began as a Gargoyle Earth Elementalist on Nov 12, 2017.
             Killed by divine providence
             ... invoked by an orc priest
              (15 damage)
             ... on level 2 of the Dungeon.
             The game lasted 00:04:31 (1352 turns).

mortelune the Digger (Gargoyle Earth Elementalist)  Turns: 1352, Time: 00:04:32

Health: -5/19      AC:  8    Str: 11    XL:     3   Next: 45%
Magic:  7/7        EV: 12    Int: 16    God:
Gold:   109        SH:  0    Dex: 10    Spells: 6/7 levels left

rFire    . . .     SeeInvis .   f - +0 spear
rCold    . . .     Gourm    .   (no shield)
rNeg     + . .     Faith    .   c - +0 robe
rPois    ∞         Spirit   .   (no helmet)
rElec    +         Reflect  .   (no cloak)
rCorr    .         Harm     .   n - +2 pair of gloves
MR       .....                  (no boots)
Stlth    ++........             (no amulet)
HPRegen  0.06/turn              (no ring)
MPRegen  0.10/turn              (no ring)

@: no status effects
A: negative energy resistance 1, electricity resistance, unbreathing,
petrification resistance, rot immunity, AC +3
a: no special abilities


You were on level 2 of the Dungeon.
You were not hungry.

You visited 1 branch of the dungeon, and saw 2 of its levels.

You collected 109 gold pieces.

Inventory:

Hand Weapons
 f - a +0 spear (weapon)
 j - a +1 hunting sling of flaming
Missiles
 b - 81 stones (quivered)
Armour
 c - a +0 robe (worn)
 g - a +0 ring mail
 l - a +0 large shield
 n - a +2 pair of gloves (worn)
Scrolls
 a - 4 scrolls of teleportation {unknown}
 m - a scroll of fear {unknown}
Potions
 h - a potion of ambrosia {unknown}
 k - 2 potions of curing {unknown}
Books
 e - a book of Geomancy

   Spells                             Type                      Level
   a - Sandblast                      Earth                        1
   b - Passwall                       Transmutation/Earth          2
   c - Stone Arrow                    Conjuration/Earth            3
   d - Petrify                        Transmutation/Earth          4
   e - Lee's Rapid Deconstruction     Earth                        5
Comestibles
 d - 4 bread rations
 i - a fruit


   Skills:
 - Level 1.5 Dodging
 - Level 2.1 Stealth
 + Level 2.8 Spellcasting
   Level 0.7 Transmutations
 + Level 4.5 Earth Magic


You had 6 spell levels left.
You knew the following spells:

 Your Spells              Type           Power        Failure   Level  Hunger
a - Sandblast             Erth           ###...       3%          1    #......


Dungeon Overview and Level Annotations

Branches:
Dungeon (2/15)

Altars:


Innate Abilities, Weirdness & Mutations

You are resistant to torment.
Your stone body is resilient. (AC +3)
You are immune to poison.
You resist negative energy. (rN+)
You are resistant to electric shocks. (rElec)
You can survive without breathing.
You are immune to petrification.
You are immune to rotting.


Message History

You hear a shout!
The kobold drinks a potion.
The kobold suddenly seems more resistant.
An orc comes into view. It is wielding a hand axe.
The kobold throws a stone.
The stone barely misses you.
An orc priest comes into view.
The orc priest shouts!
You barely miss the orc. The orc hits you but does no damage.
The orc priest invokes the aid of Beogh against you.
Beogh smites you!
Ouch! That really hurt!
You hear a shout!
An orc priest comes into view. It is wielding a mace.
You are too injured to fight recklessly!
The kobold throws a stone.
The stone hits you but does no damage.
You see here a stone.
The orc priest calls down the wrath of Beogh upon you.
Beogh smites you!
Ouch! That really hurt!
You die...

..........##.###
#...##........ #....#o.......
#K...(.......# #........#.#.#
#............. #.o..........#
########## ###............#
####......... #.@............#
..##.#######. #....#†........#
..##.# .................
..##.# ####.#...#..#.>...
..##.# #............... ..##.#
#..#..##....#...
..##.##########..#..##........
....÷............#............
..##÷##########...............


You could see an orc priest, an orc and a kobold.

Vanquished Creatures
  2 adders (D:2)
  A worm (D:2)
  A leopard gecko (D:2)
  A goblin (D:1)
  A hobgoblin (D:1)
  2 kobolds (D:1)
  A ball python (D:1)
  5 bats
  4 rats
18 creatures vanquished.

Notes
Turn   | Place    | Note
-------+----------+-------------------------------------------
     0 | D:1      | mortelune the Gargoyle Earth Elementalist began the quest for the Orb.
     0 | D:1      | Reached XP level 1. HP: 10/10 MP: 3/3
   549 | D:1      | Reached XP level 2. HP: 15/15 MP: 5/5
   565 | D:1      | Reached skill level 4 in Earth Magic
  1000 | D:2      | Reached XP level 3. HP: 5/19 MP: 4/7
  1352 | D:2      | Killed from afar by an orc priest

Vault maps used:
D:1:      mrwooster_arrival_arrow
D:2:      lemuel_upstairs_altar, brannock_xom_greatest_gift, uniq_jessica

Skill      XL: |  1  2 |
---------------+-------+-----
Earth Magic    | 4 |  4.5
Dodging        | |  1.5
Stealth        | |  2.1
Spellcasting   | |  2.8
Transmutations | |  0.7

Action                   || total
-------------------------++-------
Melee: Spear             ||    76
       Unarmed           ||     7
 Cast: Sandblast         ||     7
 Stab: Sleeping          ||     3
  Eat: Chunk             ||     2
Armor: Robe              ||    30
Dodge: Dodged            ||    82

Table legend:
 A = Spawn XP
 B = Non-spawn XP
 C = Spawn XP percentage of total XP
 D = Spawn monster count
 E = Non-spawn monster count
 F = Spawn count percentage of total count
 G = Total turns spent on level
                    A         B        C        D         E        F      G
               +---------+---------+-------+---------+---------+-------+---------
         Total |       0 |      56 |   0.0 |       0 |      18 |   0.0 |  1352
               +---------+---------+-------+---------+---------+-------+---------
           D:1 |       0 |      13 |   0.0 |       0 |       8 |   0.0 |   829
           D:2 |       0 |      43 |   0.0 |       0 |      10 |   0.0 |   523
               +---------+---------+-------+---------+---------+-------+---------
